 Dungeon Crawl Stone Soup version 0.32-a0-163-g159c032296 (webtiles) character file.

Game seed: 16191106918288896715

6253 dialectric the Cudgeller (level 10, -2/91 HPs)
             Began as a Troll Fighter on Feb 11, 2024.
             Was an Elder of Hepliaklqana.
             Shot with an arrow by a centaur (4 damage)
             ... on level 9 of the Dungeon.
             The game lasted 00:11:11 (6933 turns).

dialectric the Cudgeller (Troll Fighter)            Turns: 6933, Time: 00:11:12

Health: -2/91      AC:  4    Str: 28    XL:     10   Next: 62%
Magic:  9/9        EV: 11    Int:  4    God:    Hepliaklqana [****..]
Gold:   440        SH:  0    Dex: 11    Spells: 9/9 levels left

rFire   + . .        f - +3 short sword (distort)
rCold   . . .        (no shield)
rNeg    . . .        G - +0 robe {Will+}
rPois   .            (helmet restricted)
rElec   .            (no cloak)
rCorr   +            (gloves unavailable)
SInv    .            (boots unavailable)
Will    ++...        (no amulet)
Stlth   +            s - ring of Ijua {Fire Will+ rCorr}
HPRegen 1.15/turn    y - ring of protection from cold
MPRegen 0.11/turn

%: no passive effects
@: no status effects
A: reduced essence, large, unfitting armour, claws 3, regeneration 1, shaggy fur
1, tough skin 1
a: Renounce Religion, Recall Ancestor, Ancestor Identity, Transference, Idealise


You were on level 9 of the Dungeon.
You worshipped Hepliaklqana.
Hepliaklqana was greatly pleased with you.
You visited 1 branch of the dungeon, and saw 9 of its levels.
You also visited: Ossuary.

You collected 440 gold pieces.

Inventory:

Hand Weapons
 a - a +0 flail
 f - a +3 short sword of distortion (weapon)
 x - a +2 trident of protection
 B - a +4 trident of draining
 F - a +0 morningstar
Missiles
 g - 22 poisoned darts (quivered)
 I - a throwing net
Armour
 b - a +0 robe
 c - a +0 kite shield
 G - a +0 robe of willpower (worn)
Jewellery
 s - the ring of Ijua (left claw) {Fire Will+ rCorr}
   (You found it on level 4 of the Dungeon)

   [ring of fire]

   Fire:      It enhances your fire magic.
   rF+:       It protects you from fire.
   rC-:       It makes you vulnerable to cold.
   Will+:     It increases your willpower.
   rCorr:     It protects you from acid and corrosion.
 y - a ring of protection from cold (right claw)
Talismans
 p - a maw talisman
Wands
 l - a wand of polymorph (7)
 m - a wand of mindburst (6)
 q - a wand of flame (14)
 J - a wand of paralysis (20)
Scrolls
 e - a scroll of amnesia {unknown}
 h - a scroll of revelation
 i - 5 scrolls of teleportation
 k - 4 scrolls of immolation {unknown}
 n - 2 scrolls of enchant weapon {unknown}
 o - 2 scrolls of noise {unknown}
 r - a scroll of fog
 z - 2 scrolls of enchant armour {unknown}
 A - a scroll of fear {unknown}
Potions
 d - a potion of might
 j - a potion of brilliance {unknown}
 t - 5 potions of resistance
 u - 2 potions of curing
 v - a potion of berserk rage
 w - a potion of attraction {unknown}
 C - 2 potions of lignification {unknown}
 D - a potion of heal wounds
 E - a potion of mutation {unknown}
 H - a potion of magic {unknown}


   Skills:
 + Level 7.2 Fighting
 - Level 4.0 Short Blades
 + Level 7.6 Maces & Flails
 + Level 6.0 Armour
 + Level 5.3 Dodging
 + Level 4.6 Shields


You had 9 spell levels left.
You didn't know any spells.
Your spell library contained the following spells:

 Spells                   Type           Power      Damage    Failure   Level
 Necrotise                Necr           0%         1d4       50%         1
 Sandblast                Erth           0%         2d4       50%         1
 Passwall                 Erth           0%         N/A       86%         3
 Stone Arrow              Conj/Erth      0%         3d7       86%         3
 Vampiric Draining        Necr           0%         2d6       86%         3
 Brom's Barrelling Bould  Conj/Erth      0%         2d3       99%         4
 Martyr's Knell           Necr/Summ      0%         N/A       99%         4
 Curse of Agony           Necr           0%         N/A       100%        5


Dungeon Overview and Level Annotations

Branches:
Dungeon (9/15)             Temple (0/1) D:5             Orc (0/2) D:9
Ossuary (visited)
   Lair: D:8-11

Altars:
Ashenzari
Cheibriados
Hepliaklqana
Kikubaaqudgha
Nemelex Xobeh
Xom
Yredelemnul

Shops:
D:4 =


Innate Abilities, Weirdness & Mutations

Your life essence is reduced to manifest your ancestor. (-10% HP)
You are too large for most types of armour.
You have claws for hands.
Your natural rate of healing is unusually fast.
You are covered in fur. (AC +1)
You have tough skin. (AC +1)


Message History

You kill the orc wizard!
Something completely misses you. The orc barely misses you.
You puncture the orc!
You kill the orc!
Something hits you but does no damage. The orc barely misses you.
Unknown command.
You barely miss the orc.
Nakurtum hits something with a +0 dagger of draining!
You swap places.
Something hits you.
The orc hits Nakurtum with a +0 mace.
Nakurtum hits something with a +0 dagger of draining!
Reactivating autopickup.
You feel a bit more experienced.
Nakurtum hits the orc with a +0 dagger of draining.
Nakurtum drains the orc.
The orc dies!
Things that are here:
a +0 dagger; a +0 robe; an orc corpse
Items here: )) [[.
g - 22 poisoned darts (gained 1)
Found a serpent talisman.
A centaur comes into view.
The centaur shouts!
The centaur wields a +3 orcbow of flaming.
It bursts into flame!
The centaur shoots an arrow.
The arrow hits you! The arrow burns you.
The centaur shoots an arrow.
The arrow closely misses you.
The centaur shoots an arrow.
The arrow hits you! The arrow burns you.
The centaur shoots an arrow.
The arrow hits you!
* * * LOW HITPOINT WARNING * * *
The arrow burns you.
* * * LOW HITPOINT WARNING * * *
The centaur shoots an arrow.
The arrow hits you!
* * * LOW HITPOINT WARNING * * *
The arrow burns you.
* * * LOW HITPOINT WARNING * * *
Unknown command.
You feel better.
The centaur shoots an arrow.
The arrow hits you!!
* * * LOW HITPOINT WARNING * * *
The arrow burns you.
You die...
Hepliaklqana delivers you to your ancestors.

*,,,,**,,,,,,,,,,,*,,,,,,*,,
*,,,,#.,~~~~~~~~~,*,,,,,,*,,
*...,#..≈≈~~~~~~~,*,,*,,,,,,
*...,#..~#*+++**~,*,,,,,,,,,
*%...#..~#,,,,,*~,*****,,,,,
*,...#..~#∩,,,>*~,#*,,*,,,,,
*,,..'..~#######c.#*,,+,,,,,
*,,,,#..~≈~R~≈~≈~.#*,,*,,,,,
*,,,,#.....@......#*,,*,,,,,
*,**,#.......######*,,*,,,,,
*,**,#..###### *,,******
*,**,#..###### **,,*
*,,,,#.......# *..,*
*,,,,#.......# *##.###
*,*,,#.......####.....###* *
*,*,,#....)).#.....ß.....# *
*,*,,#....)..#...........##*


You could see the friendly Nakurtum the hexer and a centaur (ally target).

Vanquished Creatures
  A two-headed ogre (D:5)
  Joseph (D:8)
  Jeremiah (D:6)
  A merfolk (D:8)
  Sigmund (D:2)
  2 yaks (D:8)
  2 ogres
  3 centaurs (D:8)
  2 phantoms (D:4)
  2 kobold brigands (D:8)
  3 elf zombies (Ossuary)
  2 bullfrogs
  4 scorpions
  5 howler monkeys
  2 hounds
  An orc priest (D:6)
  A bombardier beetle (D:5)
  2 human zombies (Ossuary)
  5 jellies
  4 iguanas
  8 orc wizards
  Natasha (twice) (D:2)
  A mummy (Ossuary)
  7 gnolls
  3 adders
  2 shadow imps
  2 white imps
  4 adder zombies (Ossuary)
  4 dart slugs
  24 orcs
  3 bats (D:1)
  17 endoplasms
  5 giant cockroaches
  5 gnoll zombies (Ossuary)
  4 goblins
  4 hobgoblins
  5 quokkas
  6 ball pythons
  4 frilled lizards
  4 jackal zombies (Ossuary)
  11 kobolds
  4 kobold zombies (Ossuary)
  An orc zombie (Ossuary)
  4 rats
179 creatures vanquished.

Vanquished Creatures (collateral kills)
  2 yaks (D:9)
  A steam dragon (D:7)
  An orc warrior (D:9)
  A black bear (D:7)
  A sky beast (D:8)
  An ogre (D:6)
  A centaur (D:6)
  Blork the orc (D:4)
  A scorpion (D:4)
  5 howler monkeys
  2 centaur zombies (Ossuary)
  2 hounds
  A jelly (D:4)
  An orc priest (D:4)
  A gnoll bouda (D:7)
  An iguana (D:6)
  3 orc wizards
  Natasha (D:2)
  2 hound zombies (Ossuary)
  A mummy (Ossuary)
  3 gnolls
  An adder (D:5)
  2 adder zombies (Ossuary)
  12 orcs
  An endoplasm (D:4)
  3 gnoll zombies (Ossuary)
  A hobgoblin (D:3)
  4 kobolds
  A quokka (D:3)
  A ball python (D:3)
  2 bats (D:2)
  A jackal zombie (Ossuary)
  A kobold zombie (Ossuary)
  3 orc zombies (Ossuary)
  A rat (D:2)
67 creatures vanquished.

Vanquished Creatures (others)
  A hexer (D:5)
1 creature vanquished.

Grand Total: 247 creatures vanquished

Notes
Turn   | Place    | Note
-------+----------+-------------------------------------------
     0 | D:1      | dialectric the Troll Fighter began the quest for the Orb.
     0 | D:1      | Reached XP level 1. HP: 22/22 MP: 0/0
   123 | D:1      | Reached XP level 2. HP: 29/29 MP: 1/1
   325 | D:1      | Found a faded altar of an unknown god.
   333 | D:1      | Prayed at the altar of an unknown god.
   333 | D:1      | Became a worshipper of Hepliaklqana the Forgotten
   333 | D:1      | Reached * piety under Hepliaklqana
   638 | D:1      | Reached XP level 3. HP: 32/32 MP: 2/2
   798 | D:2      | Noticed Sigmund
   972 | D:2      | Killed Sigmund
   973 | D:2      | Reached XP level 4. HP: 34/40 MP: 3/3
   973 | D:2      | Reached XP level 5. HP: 40/47 MP: 4/4
   977 | D:2      | Noticed Natasha
   984 | D:2      | Killed Natasha
  1150 | D:2      | Noticed Natasha
  1166 | D:2      | Killed Natasha
  1167 | D:2      | Reached XP level 6. HP: 34/54 MP: 5/5
  1298 | D:2      | Noticed Natasha
  1300 | D:2      | Killed Natasha
  1455 | D:3      | Reached ** piety under Hepliaklqana
  1456 | D:3      | Remembered your ancestor Nakurtum as a hexer
  1573 | D:3      | Found a basalt altar of Yredelemnul.
  1573 | D:3      | Found a sparkling altar of Nemelex Xobeh.
  1573 | D:3      | Found a broken altar of Ashenzari.
  1573 | D:3      | Found an ancient bone altar of Kikubaaqudgha.
  1573 | D:3      | Found a sparkling altar of Nemelex Xobeh.
  1573 | D:3      | Found a hazy altar of Hepliaklqana.
  1971 | D:4      | Reached XP level 7. HP: 61/61 MP: 6/6
  1972 | D:4      | Identified the ring of Ijua {Fire Will+ rCorr}
  2021 | D:4      | Found Hipsigh's Jewellery Emporium.
  2069 | D:4      | Reached skill level 1 in Short Blades
  2069 | D:4      | Reached skill level 1 in Armour
  2427 | D:4      | Noticed Blork the orc
  2435 | D:4      | Killed Blork the orc
  2510 | D:4      | Reached XP level 8. HP: 70/70 MP: 7/7
  2679 | D:5      | Entered Level 5 of the Dungeon
  2763 | D:5      | Reached *** piety under Hepliaklqana
  2899 | D:5      | Reached skill level 5 in Dodging
  3100 | D:5      | Noticed a two-headed ogre
  3131 | D:5      | HP: 5/106 [something/magic dart (5)]
  3140 | D:5      | Killed a two-headed ogre
  3141 | D:5      | Reached skill level 5 in Fighting
  3141 | D:5      | Reached skill level 5 in Maces & Flails
  3509 | D:5      | Found a staircase to the Ecumenical Temple.
  3670 | D:6      | Reached XP level 9. HP: 61/79 MP: 8/8
  3869 | D:6      | Found a sand-covered staircase.
  3874 | Ossuary  | Entered an ossuary
  4407 | D:6      | Found a snail-covered altar of Cheibriados.
  4442 | D:6      | Noticed Jeremiah
  4470 | D:6      | Killed Jeremiah
  5071 | D:7      | Reached **** piety under Hepliaklqana
  5287 | D:7      | Reached skill level 5 in Armour
  5813 | D:8      | Identified the +0 ring mail "Zoffuj" {Str+4}
  5855 | D:8      | Reached XP level 10. HP: 90/90 MP: 9/9
  6368 | D:8      | Noticed Joseph
  6386 | D:8      | Killed Joseph
  6592 | D:8      | Found a shimmering altar of Xom.
  6871 | D:9      | HP: 2/91 [orc warrior/+2 mace of distortion (11)]
  6900 | D:9      | Found a staircase to the Orcish Mines.
  6933 | D:9      | HP: 2/91 [centaur/arrow (21)]
  6933 | D:9      | Shot with an arrow by a centaur

Illustrated notes

Levels and vault maps discovered:
D:1:      dpeg_arrival_tiny_c, layout_loops_ring,
          hellmonk_ecumenical_altar_slurped_away
D:2:      layout_rooms, uniq_natasha, uniq_sigmund
D:3:      cheibrodos_fertilizer, layout_basic, minmay_misc_feat_enclosed
D:4:      layout_cave_pods, st_stairs_3, serial_library_hellmonk_reading_circle,
          minmay_shop_grid_forest, kennysheep_small_circle, uniq_blork_the_orc
D:5:      layout_loops_ring, minmay_temple_entry_fiery
D:6:      layout_basic, mainiacjoe_overflow_alcove_2,
          nicolae_ossuary_entry_false_entrances, uniq_jeremiah
D:7:      layout_basic, feat_on_display
D:8:      layout_basic, minmay_misc_feat_ornament, roadster_trireme, uniq_joseph
D:9:      layout_stronghold, david_orc_2, enter_bailey_4

Skill      XL: |  1  2  3  4  5  6  7  8  9 10 |
---------------+-------------------------------+-----
Maces & Flails | 2 3 4 5 6 7 |  7.6
Shields        | 3 4 |  4.6
Fighting       | 3 4 5 6 7 |  7.2
Dodging        | 3 4 5 |  5.3
Short Blades   | 1 3 4 |  4.0
Armour         | 1 3 5 6 |  6.0

Action                     |  1- 3 |  4- 6 |  7- 9 | 10-12 || total
---------------------------+-------+-------+-------+-------++-------
  Melee: Flail             |    31 |       |       |       ||    31
         Short sword       |    46 |    86 |   320 |   100 ||   552
         Punch             |       |     1 |     9 |     2 ||    12
  Throw: Dart              |       |       |       |     5 ||     5
 Invoke: Ancestor Life: He |       |     1 |       |       ||     1
  Evoke: Wand              |       |       |     1 |     1 ||     2
    Use: Potion            |       |       |     2 |     3 ||     5
         Scroll            |       |       |     4 |     2 ||     6
   Stab: Sleeping          |       |     1 |       |       ||     1
         Confused          |       |     1 |     8 |     2 ||    11
         Distracted        |       |       |     2 |     1 ||     3
 Armour: Robe              |    56 |    59 |   195 |    94 ||   404
  Dodge: Dodged            |    41 |    44 |   110 |    46 ||   241

Table legend: (Time is in decaauts)
 A = Elapsed time spent in this place.
 B = Non-inter-level travel time spent in this place.
 C = Inter-level travel time spent in this place.
 D = Time resting spent in this place.
 E = Time spent auto-exploring this place.
 F = Levels seen in this place.
 G = Mean time per level.
                   A        B        C        D        E       F      G
               +--------+--------+--------+--------+--------+-----+--------+
         Total |   6894 |   6466 |    428 |    140 |   4567 |  10 |  689.4 |
       Dungeon |   6654 |   6226 |    428 |    140 |   4485 |   9 |  739.3 |
       Ossuary |    239 |    239 |      0 |      0 |     82 |   1 |  239.0 |
               +--------+--------+--------+--------+--------+-----+--------+

Top non-repeatable levels by time:
     D:6: 1273 daAuts
     D:8: 1029 daAuts
     D:5: 910 daAuts
     D:4: 818 daAuts
     D:1: 770 daAuts
     D:3: 641 daAuts
     D:2: 596 daAuts
     D:7: 480 daAuts
 Ossuary: 239 daAuts
     D:9: 133 daAuts
